 Dungeon Crawl Stone Soup version 0.26-a0-964-g69f9a3b9e2 (webtiles) character file.

Game seed: 15538096737627702804

940 lunkers the Skirmisher (level 7, -1/67 HPs)
             Began as a Palentonga Fighter on Dec 2, 2020.
             Slain by a lemure (4 damage)
             ... led by Pikel
             ... on level 5 of the Dungeon.
             The game lasted 00:04:32 (4226 turns).

lunkers the Skirmisher (Palentonga Fighter)         Turns: 4226, Time: 00:04:32

Health: -1/67      AC: 18    Str: 21    XL:     7   Next: 88%
Magic:  7/7        EV:  2    Int:  9    God:
Gold:   291        SH:  9    Dex:  9    Spells: 6/6 levels left

rFire    . . .     SeeInvis +   a - +1 war axe
rCold    . . .     Faith    .   c - +0 kite shield
rNeg     . . .     Spirit   .   k - +0 plate armour
rPois    .         Reflect  .   w - +0 helmet
rElec    .         Harm     .   (no cloak)
rCorr    .         Rampage  .   n - +0 pair of gloves
MR       +....                  (no barding)
Stlth    ..........             l - amulet of the acrobat
HPRegen  0.21/turn              i - ring of protection from magic
MPRegen  0.10/turn              (no ring)

@: curled up
A: large, rugged brown scales 3, see invisible, deformed body, roll 1, armoured
tail, reflexive curl
a: Rolling Charge


You were on level 5 of the Dungeon.
You visited 1 branch of the dungeon, and saw 5 of its levels.

You collected 291 gold pieces.

Inventory:

Hand Weapons
 a - a +1 war axe (weapon)
Armour
 b - a +0 scale mail
 c - a +0 kite shield (worn)
 e - a +0 ring mail of cold resistance
 k - a +0 plate armour (worn)
 n - a +0 pair of gloves (worn)
 w - a +0 helmet (worn)
Jewellery
 i - a ring of protection from magic (left hand)
 l - an amulet of the acrobat (around neck)
Wands
 u - a wand of disintegration (2)
 x - a wand of iceblast (6)
Scrolls
 g - a scroll of blinking
 j - a scroll of remove curse
 m - 2 scrolls of identify
 r - 3 scrolls of enchant weapon
Potions
 d - a potion of might
 f - a potion of lignification {unknown}
 h - 6 potions of curing
 p - 2 potions of brilliance {unknown}
 q - 2 potions of resistance
 s - 2 potions of heal wounds {unknown}
 t - 2 potions of flight {unknown}


   Skills:
 + Level 6.0 Fighting
 + Level 5.5 Axes
 - Level 2.4 Armour
 + Level 4.9 Shields


You had 6 spell levels left.
You didn't know any spells.
Your spell library was empty.

Dungeon Overview and Level Annotations

Branches:
Dungeon (5/15)
 Temple: D:4-7

Altars:
Ashenzari
Cheibriados
Dithmenos
Yredelemnul
The Shining One

Annotations:
D:5 Pikel


Innate Abilities, Weirdness & Mutations

You are completely covered in rugged brown scales. (AC +3, +7% HP)
You have supernaturally acute eyesight. (SInv)
Armour fits poorly on your strangely shaped body.
You can roll at nearby foes to attack.
You have a long armoured tail.
You curl defensively after being hit.


Message History

Unknown command.
You completely miss Pikel.
Pikel is almost dead.
You completely miss the lemure. You hit the lemure. x2
Pikel hits you with a +2 whip of freezing.
* * * LOW HITPOINT WARNING * * *
Pikel freezes you.
* * * LOW HITPOINT WARNING * * *
The lemure hits you but does no damage. x2; The lemure hits you.
* * * LOW HITPOINT WARNING * * *
Unknown command.
Unknown command.
Unknown command.
You barely miss Pikel.
Pikel is almost dead.
You hit the lemure but do no damage. You closely miss the lemure.
You hit the lemure.
You kill the lemure!
That felt strangely unrewarding.
The lemure hits you.
You die...

# ###.# ##### #...# ##.#.#
..#.# #._.# ##....# ....##
#...# ###.....# .....##
###.### #......## ......###
##8...8### ###.....##
##......###........###......##
#.#...........)...........##
######........K@......#.###
###.#.#..55#####.###
#######.## ### ###


You could see Pikel and 2 lemures.

Vanquished Creatures
  A sky beast (D:4)
  2 lemures (D:5)
  2 centaurs (D:5)
  A scorpion (D:4)
  A jelly (D:3)
  2 centaur zombies (D:4)
  3 orc priests (D:4)
  An iguana (D:4)
  An orc wizard (D:4)
  6 worker ants
  A hound zombie (D:4)
  A hound skeleton (D:4)
  A howler monkey zombie (D:4)
  9 adders
  An ooze (D:2)
  2 adder zombies (D:4)
  An adder skeleton (D:4)
  2 worms (D:2)
  A dart slug (D:1)
  2 leopard geckos
  15 orcs
  6 giant cockroaches
  6 goblins
  3 hobgoblins
  19 jackals
  7 kobolds
  A quokka (D:5)
  7 bats
  8 frilled lizards
  2 leopard gecko zombies (D:4)
  2 quokka skeletons (D:4)
  8 rats
125 creatures vanquished.

Vanquished Creatures (others)
  4 withered plants (D:4)
4 creatures vanquished.

Grand Total: 129 creatures vanquished

Notes
Turn   | Place    | Note
-------+----------+-------------------------------------------
     0 | D:1      | lunkers the Palentonga Fighter began the quest for the Orb.
     0 | D:1      | Reached XP level 1. HP: 20/20 MP: 1/1
   115 | D:1      | Reached XP level 2. HP: 23/27 MP: 2/2
   517 | D:1      | Reached XP level 3. HP: 33/33 MP: 3/3
  1049 | D:2      | Reached XP level 4. HP: 40/42 MP: 4/4
  1114 | D:2      | Found a snail-covered altar of Cheibriados.
  1486 | D:2      | Found a shadowy altar of Dithmenos.
  1664 | D:3      | Reached skill level 4 in Fighting
  1904 | D:3      | Reached XP level 5. HP: 49/49 MP: 5/5
  2929 | D:4      | Reached XP level 6. HP: 51/56 MP: 6/6
  3292 | D:4      | Reached skill level 5 in Fighting
  3410 | D:4      | Gained mutation: You curl defensively after being hit.
                  | [Palentonga growth]
  3410 | D:4      | Reached XP level 7. HP: 52/65 MP: 7/7
  3658 | D:4      | Reached skill level 5 in Axes
  3941 | D:4      | Found a basalt altar of Yredelemnul.
  4083 | D:5      | Entered Level 5 of the Dungeon
  4141 | D:5      | Found a broken altar of Ashenzari.
  4166 | D:5      | Found a glowing golden altar of the Shining One.
  4185 | D:5      | Noticed Pikel
  4214 | D:5      | Reached skill level 6 in Fighting
  4225 | D:5      | HP: 2/67 [lemure[Pikel] (3)]
  4226 | D:5      | Slain by a lemure

Illustrated notes

Levels and vault maps discovered:
D:1:      heliophobic_arrival_henge, layout_rooms, chequers_avenue
D:2:      wad_river_or_something, layout_loops_ring,
          nicolae_dithmenos_through_a_glass_darkly, general_overflow_altar
D:3:      layout_basic
D:4:      layout_loops_ring, lemuel_coloured_pillars_altar, serial_undead,
          serial_undead_c, serial_undead_c, serial_undead_a, serial_undead_d,
          serial_undead_f, chequers_mini_garden, minmay_cupped
D:5:      layout_rooms, nicolae_tso_carved_into_rock, kennysheep_mini,
          kennysheep_little_box, nicolae_overflow_hidden_temple,
          minmay_temple_entry_purple_smoke, kennysheep_generic_room_13,
          uniq_pikel

Skill      XL: |  1  2  3  4  5  6  7 |
---------------+----------------------+-----
Shields        | 3 4 |  4.9
Axes           | 3 4 5 |  5.5
Fighting       | 4 5 6 |  6.0
Armour         | |  2.4

Action                   |  1- 3 |  4- 6 |  7- 9 || total
-------------------------+-------+-------+-------++-------
Melee: War axe           |   113 |   158 |    95 ||   366
       Tailslap          |    13 |    12 |     6 ||    31
 Abil: Rolling Charge    |    26 |    33 |    12 ||    71
  Use: Scroll            |       |     8 |       ||     8
Armor: Scale mail        |    36 |       |       ||    36
       Plate armour      |    30 |   110 |    94 ||   234
Dodge: Dodged            |    19 |    16 |    13 ||    48
Block: Kite shield       |    48 |    81 |    65 ||   194

Table legend: (Time is in decaauts)
 A = Elapsed time spent in this place.
 B = Non-inter-level travel time spent in this place.
 C = Inter-level travel time spent in this place.
 D = Time resting spent in this place.
 E = Time spent auto-exploring this place.
 F = Levels seen in this place.
 G = Mean time per level.
                   A        B        C        D        E       F      G
               +--------+--------+--------+--------+--------+-----+--------+
         Total |   4364 |   4171 |    193 |    168 |   3273 |   5 |  872.8 |
       Dungeon |   4364 |   4171 |    193 |    168 |   3273 |   5 |  872.8 |
               +--------+--------+--------+--------+--------+-----+--------+

Top non-repeatable levels by time:
     D:3: 1332 daAuts
     D:4: 1196 daAuts
     D:2: 1092 daAuts
     D:1: 592 daAuts
     D:5: 151 daAuts
